AoeStats
← IdliDosa

Black Forest

507293946Analyzed
4v4 RM · 14d ago on Sep 17, 2026· 77m 51s· 8 players
Game mode
Random Map
Map size
Large (8 player)
Population
200
Speed
Normal
Resources
Standard
Victory
Conquest
Starting age
Dark Age
Ending age
Imperial Age
RankedLock teamsTeams togetherTeam positionsShared explorationLock speedFull tech treeHidden civsTurbo modeCheats
Victory
Defeat
🇮🇳 Inca · India
1238
+14
🇮🇳 Britons · India
1208
+15
1192
+16
🇮🇳 Franks · India
1069
+21
🇮🇳 Vietnamese · India
1252
-19
🇩🇪 Malians · Germany
1210
-17
🇫🇷 Ethiopians · France
1157
-15
🇦🇪 Lithuanians · United Arab Emirates
1148
-15
IdliDosa
12:40 Feudal Age
14:03 Double-Bit Axe
13:58 Horse Collar
18:22 Castle Age
18:17 Gold Mining
18:17 Stone Mining
20:21 Bow Saw
20:13 Heavy Plow
21:51 Loom
28:03 Wheelbarrow
32:49 Hand Cart
35:59 Imperial Age
34:16 Bloodlines
34:06 Husbandry
34:09 Chatras
34:47 Scale Barding Armor
34:52 Forging
36:04 Chain Barding Armor
37:23 Crop Rotation
37:51 Iron Casting
38:04 Plate Barding Armor
37:26 Elite Battle Elephant
40:41 Paper Money
40:27 Fletching
40:38 Padded Archer Armor
42:07 Ballistics
42:22 Bodkin Arrow
43:29 Chemistry
42:36 Siege Engineers
43:15 Bracer
43:31 Leather Archer Armor
44:09 Elite Rattan Archer
44:14 Elite Skirmisher
45:00 Thumb Ring
45:41 Ring Archer Armor
45:09 Imperial Skirmisher
47:15 Two-Man Saw
47:38 Hoardings
53:27 Caravan
53:34 Light Cavalry
70:57 Town Watch
74:31 Town Watch
77:51 Squires
77:38 Arson
77:56 Scale Mail Armor
La Teigne
1:03 Loom
14:57 Feudal Age
18:57 Castle Age
16:55 Horse Collar
17:10 Double-Bit Axe
19:53 Bow Saw
19:45 Heavy Plow
30:09 Wheelbarrow
30:44 Gold Mining
32:41 Hand Cart
33:59 Gold Shaft Mining
33:17 Stone Mining
36:25 Imperial Age
34:19 Fletching
34:29 Padded Archer Armor
35:16 Stone Shaft Mining
34:55 Fortified Wall
35:51 Bodkin Arrow
36:11 Leather Archer Armor
36:20 Ballistics
35:34 Crossbowman
36:20 Thumb Ring
36:33 Arbalester
36:34 Elite Skirmisher
38:45 Chemistry
37:57 Bracer
38:27 Ring Archer Armor
40:10 Town Watch
41:53 Imperial Skirmisher
43:25 Ring Archer Armor
44:19 Two-Man Saw
47:24 Siege Engineers
47:29 Masonry
50:31 Capped Ram
51:45 Torsion Engines
52:05 Conscription
51:35 Siege Ram
56:34 Onager
69:07 Architecture
70:14 Town Patrol
73:36 Caravan
viki.
1:41 Loom
12:32 Feudal Age
13:39 Loom
17:36 Castle Age
20:58 Wheelbarrow
20:55 Scale Barding Armor
26:45 Horse Collar
27:31 Double-Bit Axe
29:01 Town Watch
29:39 Hand Cart
30:22 Heavy Plow
37:03 Imperial Age
35:02 Forging
35:06 Bloodlines
34:59 Husbandry
35:40 Fortified Wall
35:26 Murder Holes
35:47 Bow Saw
36:02 Chain Barding Armor
35:34 Fletching
36:20 Iron Casting
36:14 Caravan
37:05 Scale Mail Armor
38:24 Crop Rotation
37:57 Cavalier
38:35 Gold Mining
39:54 Gold Shaft Mining
40:01 Plate Barding Armor
40:52 Chemistry
40:35 Farimba
42:19 Chain Mail Armor
43:16 Conscription
43:43 Masonry
43:56 Ballistics
43:08 Elite Gbeto
53:14 Plate Mail Armor
53:52 Onager
55:37 Siege Onager
57:06 Light Cavalry
61:05 Heavy Camel Rider
64:02 Bodkin Arrow
CilleR
0:27 Loom
11:43 Feudal Age
13:32 Double-Bit Axe
13:29 Horse Collar
15:52 Castle Age
26:58 Heavy Plow
30:49 Wheelbarrow
30:08 Stone Mining
30:09 Gold Mining
33:20 Imperial Age
30:56 Scale Barding Armor
31:01 Forging
32:27 Chain Barding Armor
32:21 Bloodlines
32:12 Husbandry
32:47 Hand Cart
33:47 Stone Shaft Mining
33:56 Iron Casting
34:14 Elite Leitis
35:15 Conscription
36:24 Plate Barding Armor
39:18 Caravan
49:14 Fletching
49:10 Town Watch
51:38 Bow Saw
52:07 Crop Rotation
53:44 Two-Man Saw
53:06 Bodkin Arrow
53:12 Scale Mail Armor
53:12 Padded Archer Armor
53:45 Coinage
53:26 Guilds
53:39 Town Patrol
54:57 Banking
62:44 Bracer
62:59 Leather Archer Armor
62:59 Chain Mail Armor
63:28 Onager
bamboe
1:56 Loom
11:35 Feudal Age
15:10 Gold Mining
15:06 Double-Bit Axe
17:59 Castle Age
19:24 Horse Collar
21:27 Bow Saw
21:46 Heavy Plow
24:33 Wheelbarrow
30:24 Imperial Age
29:58 Gold Shaft Mining
29:17 Stone Mining
30:05 Fletching
30:16 Padded Archer Armor
31:19 Bodkin Arrow
33:09 Chemistry
31:55 Treadmill Crane
32:42 Hand Cart
34:23 Ballistics
34:02 Murder Holes
34:13 Bracer
34:28 Leather Archer Armor
35:16 Conscription
35:19 Elite Longbowman
37:40 Ring Archer Armor
37:22 Siege Engineers
38:26 Two-Man Saw
40:03 Warwolf
43:19 Masonry
42:57 Town Watch
44:53 Fortified Wall
49:13 Architecture
49:45 Guard Tower
51:12 Keep
54:57 Hoardings
Lurker
0:33 Loom
14:12 Feudal Age
18:27 Castle Age
19:08 Double-Bit Axe
21:09 Horse Collar
29:31 Stone Mining
36:17 Imperial Age
35:30 Wheelbarrow
36:30 Elite Kamayuk
38:38 Scale Mail Armor
38:48 Forging
39:36 Chain Mail Armor
40:30 Squires
40:38 Gold Mining
42:08 Conscription
42:15 Fortified Wall
43:13 Conscription
43:38 Iron Casting
43:34 Plate Mail Armor
45:25 Blast Furnace
45:06 Champi Runner
61:20 Town Watch
61:50 Hand Cart
65:37 Heavy Plow
65:48 Bow Saw
66:15 Gold Shaft Mining
66:15 Stone Shaft Mining
66:59 Caravan
Slow Walking Champi Warrior
0:59 Loom
14:25 Feudal Age
14:42 Champi Runner
16:22 Scale Mail Armor
16:11 Double-Bit Axe
16:22 Gold Mining
17:06 Forging
20:19 Arson
27:38 Castle Age
25:43 Horse Collar
29:17 Bow Saw
30:38 Stone Mining
37:15 Imperial Age
35:30 Wheelbarrow
35:08 Heavy Plow
35:30 Treadmill Crane
37:20 Gold Shaft Mining
37:39 Fletching
38:33 Ballistics
41:45 Two-Man Saw
42:09 Hand Cart
42:29 Town Watch
43:40 Conscription
44:43 Bodkin Arrow
44:48 Padded Archer Armor
45:42 Bracer
45:55 Curare
47:25 Hoardings
48:04 Pikeman
48:44 Squires
49:31 Chain Mail Armor
49:51 Iron Casting
48:59 Onager
51:23 Chemistry
50:29 Halberdier
58:58 Plate Mail Armor
58:44 Leather Archer Armor
65:18 Caravan
72:44 Town Patrol
olais
3:58 Loom
12:30 Feudal Age
17:06 Castle Age
15:33 Double-Bit Axe
15:55 Stone Mining
16:28 Gold Mining
20:31 Fervor
31:57 Imperial Age
30:03 Town Watch
31:01 Ballistics
30:52 Fortified Wall
31:41 Wheelbarrow
31:12 Caravan
31:24 Forging
31:17 Scale Mail Armor
31:22 Scale Barding Armor
31:38 Bow Saw
31:59 #83
32:40 Hand Cart
32:20 Elite Throwing Axeman
33:21 Conscription
33:43 Gold Shaft Mining
34:44 Iron Casting
34:24 Chain Mail Armor
34:01 Fletching
34:31 Chain Barding Armor
33:37 Pikeman
34:18 Squires
34:06 Arson
34:28 Town Patrol
36:02 Chemistry
34:33 Halberdier
35:37 Husbandry
34:59 Cavalier
37:04 Blast Furnace
37:31 Plate Mail Armor
39:04 Paladin
40:07 Chivalry
41:18 Plate Barding Armor
40:40 Bodkin Arrow
42:03 Coinage
43:19 Banking
50:17 Padded Archer Armor
51:32 Devotion
Connection lost

Rejoining the realm…

Still unreachable

The connection could not be restored.

Session expired

The server has moved on; the page needs a fresh start.